Map: [ESL] Data-C

Players

Zoun

  • Race: Protoss Protoss
  • Spawn Location: 3:00

GuMiho - Winner!

  • Race: Terran Terran
  • Spawn Location: 9:00

Event: TSL 9

VOD

Have the link to the VOD?

Description

Time

  • Played on: Aug. 5, 2022, 7 a.m.
  • Length: 11:18

All games in this series

Show
View Real Time Build Order
Export as new Build Order

Zoun Protoss 

Build Orders: 1 Gate Expand, Phoenix Opening 

Get SALT Encoding   

  12  0:00  Probe  
  13  0:12  Probe  
  14  0:18  Pylon  
  14  0:24  Probe (Chrono Boost)  
  15  0:36  Probe (Chrono Boost)  
  15  0:40  Gateway  
  16  0:45  Probe (Chrono Boost)  
  17  0:51  Probe  
  17  0:52  Assimilator  
  18  1:03  Probe  
  19  1:15  Probe  
  20  1:27  Cybernetics Core  
  20  1:37  Nexus  
  20  1:41  Probe  
  21  1:48  Pylon  
  21  1:53  Probe  
  22  1:56  Assimilator  
  21  2:02  Adept (Chrono Boost)  
  21  2:06  Probe  
  24  2:18  Probe  
  24  2:22  Stargate  
  25  2:26  Adept  
  27  2:30  Probe  
  27  2:35  Warp Gate  
  28  2:42  Probe (Chrono Boost)  
  29  2:49  Probe (Chrono Boost)  
  30  2:54  Probe (Chrono Boost)  
  32  2:59  Probe (Chrono Boost)  
  32  3:00  Probe (Chrono Boost)  
  32  3:04  Probe (Chrono Boost)  
  33  3:07  Phoenix  
  33  3:10  Probe  
  37  3:17  Gateway  
  37  3:20  Probe  
  37  3:22  Probe  
  37  3:25  Twilight Council  
  39  3:31  Gateway  
  39  3:32  Probe  
  40  3:34  Probe  
  40  3:40  Pylon  
  41  3:44  Probe  
  41  3:47  Phoenix  
  44  3:49  Probe  
  45  3:56  Probe  
  46  4:06  Probe, Assimilator  
  47  4:11  Probe  
  47  4:13  Pylon  
  48  4:23  Stalker x2  
  52  4:26  Blink (Chrono Boost)  
  52  4:34  Probe  
  51  4:44  Pylon  
  51  4:46  Gateway  
  51  4:51  Probe x2  
  53  5:03  Probe x2  
  53  5:04  Stalker  
  53  5:05  Stalker  
  59  5:11  Pylon  
  59  5:15  Probe  
  59  5:20  Gateway  
  60  5:27  Stalker  
  62  5:33  Nexus, Stalker x2  
  62  5:35  Pylon  
  66  5:37  Oracle (Chrono Boost)  
  67  5:54  Probe, Pylon  
  59  5:57  Stalker x3  
  59  6:01  Probe  
  65  6:06  Probe  
  64  6:13  Probe  
  64  6:15  Stalker  
  64  6:18  Probe  
  66  6:26  Stalker x2  
  66  6:28  Stalker  
  66  6:31  Probe (Chrono Boost)  
  73  6:36  Probe (Chrono Boost)  
  72  6:40  Robotics Facility  
  72  6:43  Probe (Chrono Boost)  
  74  6:47  Probe (Chrono Boost)  
  74  6:50  Probe (Chrono Boost)  
  74  6:51  Probe (Chrono Boost)  
  74  6:52  Probe (Chrono Boost)  
  77  6:57  Probe  
  79  7:01  Probe  
  79  7:02  Probe (Chrono Boost)  
  80  7:09  Charge  
  80  7:11  Forge, Pylon  
  80  7:13  Probe x2 (Chrono Boost)  
  80  7:14  Probe (Chrono Boost)  
  84  7:24  Probe x2 (Chrono Boost)  
  84  7:25  Probe (Chrono Boost)  
  86  7:30  Gateway x2  
  86  7:33  Observer  
  87  7:39  Robotics Bay, Gateway  
  87  7:41  Gateway  
  87  7:45  Protoss Ground Weapons Level 1, Shield Battery  
  87  7:48  Stalker x2  
  91  7:52  Zealot x2  
  91  7:55  Immortal (Chrono Boost)  
  99  7:59  Probe x2  
  99  8:04  Pylon x2  
  101  8:08  Pylon  
  101  8:10  Assimilator  
  101  8:12  Pylon  
  101  8:21  Pylon  
  101  8:22  Probe x3, Pylon  
  101  8:23  Robotics Facility  
  101  8:25  Photon Cannon  
  104  8:30  Sentry  
  106  8:37  Probe  
  106  8:39  Zealot x5  
  115  8:43  Probe  
  115  8:47  Probe  
  111  8:49  Probe  
  111  8:52  Colossus (Chrono Boost), Gateway  
  118  8:55  Probe  
  117  9:08  Zealot x3  
  123  9:17  Colossus (Chrono Boost)  
  123  9:22  Nexus  
  129  9:27  Extended Thermal Lance  
  129  9:34  Zealot  
  131  9:39  Zealot x5  
  131  9:45  Nexus, Pylon  
  141  9:48  Cybernetics Core  
  139  9:59  Pylon  
  139  10:01  Probe x2, Pylon  
  139  10:02  Colossus (Chrono Boost)  
  139  10:03  Probe  
  148  10:11  Pylon  
  148  10:12  Pylon  
  148  10:19  Zealot  
  148  10:20  Zealot x4  
  152  10:22  Zealot  
  140  10:29  Shield Battery  
  140  10:32  Zealot  
  132  10:40  Zealot x2, Pylon  
  132  10:41  Zealot x3  
  101  10:52  Stalker  
  101  10:53  Zealot  
Show
View Real Time Build Order
Export as new Build Order

GuMiho Terran - Winner!

Build Orders:  

Get SALT Encoding   

  12  0:00  SCV  
  13  0:12  SCV  
  14  0:17  Supply Depot  
  14  0:24  SCV  
  15  0:39  SCV  
  15  0:41  Barracks  
  16  0:44  Refinery  
  16  0:51  SCV  
  17  1:03  SCV  
  18  1:15  SCV  
  19  1:28  Marine, Orbital Command  
  20  1:43  Command Center  
  20  1:55  SCV  
  20  1:58  Factory  
  21  2:02  Barracks Reactor  
  21  2:07  SCV  
  22  2:11  Supply Depot  
  22  2:17  Refinery  
  22  2:19  SCV  
  23  2:32  SCV  
  24  2:39  Marine x2  
  24  2:42  Hellion  
  28  2:44  Starport  
  28  2:45  SCV  
  29  2:55  Orbital Command  
  29  2:57  SCV  
  29  2:58  Marine  
  31  3:00  Marine  
  31  3:04  Factory Tech Lab  
  32  3:09  SCV  
  32  3:11  Orbital Command  
  33  3:16  Marine  
  33  3:18  Marine  
  35  3:22  Medivac  
  35  3:25  Supply Depot  
  38  3:29  Cyclone  
  38  3:33  SCV  
  41  3:36  Refinery  
  41  3:37  Marine  
  41  3:38  Marine  
  41  3:40  SCV  
  44  3:46  SCV  
  45  3:51  Supply Depot  
  45  3:54  Starport Tech Lab  
  45  3:55  SCV  
  45  3:56  Marine  
  45  3:58  SCV  
  48  4:06  Cyclone  
  48  4:08  SCV  
  52  4:10  SCV  
  52  4:14  Cloaking Field  
  52  4:16  Supply Depot  
  53  4:20  SCV  
  53  4:22  SCV  
  53  4:23  Banshee  
  58  4:29  Marine  
  59  4:32  SCV  
  59  4:34  SCV  
  59  4:38  Marine  
  60  4:42  Supply Depot  
  60  4:44  SCV  
  61  4:45  Cyclone  
  61  4:46  SCV  
  61  4:47  Marine  
  66  4:55  Marine  
  67  5:00  SCV x2  
  67  5:05  Marine  
  70  5:07  Banshee  
  70  5:12  Supply Depot  
  70  5:13  SCV x2  
  75  5:14  Barracks  
  75  5:16  Barracks  
  75  5:19  Siege Tank  
  78  5:24  Supply Depot  
  78  5:28  Engineering Bay  
  78  5:33  SCV x2  
  80  5:35  Marine x2  
  76  5:45  SCV x2  
  72  5:51  Banshee, Siege Tank  
  72  5:53  Marine  
  74  5:57  SCV x2  
  74  5:58  Marine  
  77  6:05  Barracks Tech Lab x2  
  77  6:07  Command Center  
  77  6:11  SCV x2, Marine  
  79  6:14  Refinery  
  79  6:15  Barracks, Terran Infantry Weapons Level 1  
  79  6:17  Barracks  
  77  6:21  Marine  
  77  6:25  Stimpack, Combat Shield  
  78  6:29  Marine  
  78  6:30  Siege Tank  
  78  6:32  SCV  
  83  6:33  Marine  
  83  6:39  Marine x2  
  86  6:47  Starport Reactor, Marine  
  86  6:51  Marine  
  84  6:55  SCV  
  84  6:56  SCV  
  84  6:57  Marine x2  
  86  7:04  Marine  
  86  7:07  Siege Tank  
  86  7:08  SCV x2  
  91  7:09  Marine  
  91  7:12  Missile Turret  
  91  7:14  Barracks Reactor, Marine  
  94  7:22  Marine  
  95  7:23  Barracks Tech Lab  
  95  7:24  Medivac x2, Orbital Command  
  95  7:28  Marine  
  100  7:30  Supply Depot, Marauder  
  100  7:33  SCV  
  100  7:34  SCV  
  104  7:37  Barracks Reactor  
  106  7:44  Marauder, Marine x2, Siege Tank  
  106  7:45  SCV  
  106  7:46  SCV, Marauder  
  115  7:55  Supply Depot  
  115  7:56  Medivac  
  115  7:57  Medivac  
  115  7:58  SCV x2, Orbital Command  
  121  8:03  Marauder  
  124  8:05  Marauder  
  124  8:07  Marine  
  124  8:08  Marauder, Marine  
  128  8:22  Supply Depot x2, SCV x2  
  128  8:23  Supply Depot  
  128  8:24  SCV  
  131  8:28  Marauder  
  131  8:32  Marauder  
  134  8:34  Marine  
  134  8:35  Marine x3  
  134  8:36  Marine  
  137  8:47  Siege Tank  
  137  8:49  Marauder  
  137  8:51  Medivac  
  137  8:52  Medivac  
  137  8:53  Marauder  
  137  8:55  Marauder  
  144  9:00  Marine x2  
  144  9:01  Marine  
  146  9:04  Marine  
  147  9:10  Supply Depot  
  147  9:11  Supply Depot, Marauder  
  147  9:12  Terran Infantry Armor Level 1  
  147  9:13  SCV  
  147  9:14  Marauder  
  147  9:16  Marine  
  153  9:18  Marine  
  153  9:22  Armory  
  153  9:23  Engineering Bay  
  154  9:26  Marine x2  
  154  9:27  Marine  
  155  9:32  Marauder  
  155  9:34  Marauder  
  155  9:36  Marauder, Marine  
  161  9:40  Medivac x2  
  161  9:43  Marine  
  164  9:54  Marauder, Marine x3  
  164  9:55  Marauder  
  164  9:57  Marauder  
  164  9:59  Missile Turret  
  173  10:01  Supply Depot, Marine  
  174  10:12  Marine x3  
  177  10:15  Marauder  
  177  10:16  Marine  
  177  10:18  Marine  
  177  10:19  Marine  
  174  10:30  Marine  
  173  10:36  Marine  
  173  10:37  Marine x2  
  173  10:38  Marine x3  
  155  10:44  Siege Tank  
  155  10:47  Marine  
  143  10:55  Marauder, Marine x4  
  151  10:57  Marauder  
Tags
 
Add a new tag
Caveats
  • Supply blocks, unpowered buildings, or Contaminate may cause inaccurate times.
  • Supply counts are checked every 10 seconds.